Map: Jagannatha LE

Players

GunGFuBanDa

  • Race: Protoss Protoss
  • League: Grandmaster
  • Spawn Location: 1:00

TLHarstem (Harstem) - Winner!

  • Race: Protoss Protoss
  • League: Master
  • Spawn Location: 7:00

Event: DreamHack SC2 Masters 2020 Winter

VOD

Have the link to the VOD?

Description

Time

  • Played on: Oct. 27, 2020, 1:58 p.m.
  • Length: 8:42

All games in this series

Show
View Real Time Build Order
Export as new Build Order

GunGFuBanDa Protoss 

Build Orders:  

Get SALT Encoding   

  12  0:00  Probe  
  13  0:12  Probe  
  14  0:17  Pylon  
  14  0:24  Probe (Chrono Boost)  
  15  0:37  Gateway, Probe (Chrono Boost)  
  16  0:43  Probe (Chrono Boost)  
  16  0:46  Assimilator  
  17  0:51  Probe  
  17  0:55  Assimilator  
  18  1:03  Probe (Chrono Boost)  
  19  1:10  Gateway  
  19  1:14  Probe (Chrono Boost)  
  20  1:19  Probe (Chrono Boost)  
  21  1:26  Cybernetics Core  
  21  1:30  Probe  
  22  1:37  Pylon  
  22  1:42  Probe  
  23  1:55  Probe  
  24  2:02  Stalker  
  24  2:03  Stalker, Warp Gate  
  28  2:13  Pylon  
  28  2:18  Probe  
  29  2:23  Shield Battery  
  29  2:33  Sentry x2  
  33  2:46  Nexus  
  33  2:54  Shield Battery  
  33  2:56  Probe (Chrono Boost)  
  34  3:05  Probe (Chrono Boost)  
  34  3:10  Probe (Chrono Boost)  
  35  3:13  Forge  
  35  3:22  Probe (Chrono Boost)  
  35  3:26  Pylon  
  36  3:29  Probe (Chrono Boost)  
  37  3:37  Probe  
  38  3:45  Protoss Ground Weapons Level 1  
  38  3:47  Twilight Council  
  38  3:49  Probe  
  39  3:58  Probe (Chrono Boost)  
  41  4:03  Probe (Chrono Boost)  
  41  4:05  Stalker, Sentry  
  45  4:10  Probe (Chrono Boost)  
  47  4:17  Pylon  
  47  4:18  Blink (Chrono Boost), Probe x2 (Chrono Boost)  
  48  4:25  Probe x2  
  50  4:37  Probe x2  
  52  4:49  Probe  
  52  4:50  Probe  
  52  4:51  Nexus  
  54  4:57  Assimilator  
  54  4:58  Pylon  
  54  5:01  Probe  
  54  5:02  Probe  
  54  5:06  Gateway x2  
  56  5:15  Robotics Facility  
  56  5:17  Stalker  
  56  5:18  Sentry  
  56  5:20  Probe  
  61  5:29  Shield Battery  
  61  5:33  Probe x2  
  63  5:40  Stalker  
  63  5:41  Stalker  
  67  5:45  Probe x2  
  67  5:47  Pylon  
  69  5:53  Gateway x2, Protoss Ground Weapons Level 2 (Chrono Boost)  
  66  6:06  Probe  
  66  6:07  Adept x2  
  70  6:15  Stalker x2  
  70  6:18  Probe (Chrono Boost)  
  70  6:20  Probe x2 (Chrono Boost)  
  70  6:25  Observer  
  73  6:30  Probe (Chrono Boost)  
  73  6:32  Probe (Chrono Boost)  
  76  6:35  Stalker x2, Probe (Chrono Boost)  
  76  6:36  Probe (Chrono Boost)  
  76  6:37  Probe (Chrono Boost)  
  82  6:40  Pylon  
  82  6:42  Probe  
  82  6:44  Probe  
  82  6:45  Warp Prism  
  86  6:52  Probe  
  83  6:56  Charge, Pylon, Probe  
  84  7:03  Stalker  
  84  7:07  Stalker x3  
  84  7:08  Stalker  
  94  7:12  Probe  
  94  7:13  Probe x2  
  94  7:15  Assimilator  
  97  7:16  Assimilator  
  97  7:20  Pylon  
  97  7:21  Pylon  
  97  7:31  Stalker x4  
  105  7:42  Pylon  
  103  7:44  Pylon  
  103  7:52  Photon Cannon  
  103  7:53  Stalker x2  
  103  7:55  Stalker x4  
  115  8:03  Assimilator  
  115  8:32  Stalker x3  
Show
View Real Time Build Order
Export as new Build Order

TLHarstem Protoss - Winner!

Build Orders: Blink Stalkers 

Get SALT Encoding   

  12  0:00  Probe  
  13  0:12  Probe  
  14  0:17  Pylon  
  14  0:24  Probe  
  15  0:35  Gateway  
  15  0:37  Probe (Chrono Boost)  
  16  0:47  Assimilator, Probe (Chrono Boost)  
  17  0:52  Probe (Chrono Boost)  
  17  0:55  Assimilator  
  18  1:03  Probe  
  19  1:08  Gateway  
  19  1:16  Probe  
  20  1:22  Cybernetics Core  
  20  1:28  Probe  
  21  1:39  Pylon  
  21  1:40  Probe  
  22  1:52  Probe  
  23  1:57  Warp Gate (Chrono Boost)  
  23  1:59  Stalker  
  25  2:04  Stalker, Probe  
  28  2:08  Pylon  
  28  2:17  Probe  
  29  2:29  Stalker  
  31  2:34  Stalker  
  33  2:52  Nexus  
  33  2:54  Probe  
  33  3:03  Sentry  
  35  3:06  Probe  
  35  3:12  Pylon  
  36  3:18  Probe (Chrono Boost)  
  39  3:26  Twilight Council  
  37  3:30  Probe (Chrono Boost)  
  38  3:38  Probe (Chrono Boost)  
  38  3:40  Sentry  
  41  3:43  Stalker  
  41  3:44  Probe  
  44  3:56  Probe (Chrono Boost)  
  44  3:59  Blink (Chrono Boost)  
  45  4:08  Probe x2 (Chrono Boost)  
  47  4:16  Probe x2 (Chrono Boost)  
  49  4:21  Probe (Chrono Boost)  
  49  4:23  Probe  
  51  4:28  Nexus  
  51  4:32  Probe  
  51  4:34  Pylon  
  51  4:35  Probe  
  53  4:41  Stalker  
  53  4:44  Stalker  
  57  4:49  Probe  
  57  4:51  Probe  
  59  5:01  Probe  
  59  5:03  Pylon, Probe  
  59  5:05  Stalker  
  63  5:08  Stalker  
  63  5:13  Probe  
  66  5:15  Pylon  
  66  5:16  Assimilator  
  66  5:18  Probe  
  66  5:19  Robotics Facility  
  67  5:25  Forge  
  67  5:28  Probe  
  68  5:29  Adept  
  68  5:31  Adept  
  68  5:33  Probe  
  73  5:40  Probe  
  74  5:43  Probe  
  74  5:45  Probe  
  76  5:50  Stalker  
  76  5:51  Stalker  
  76  5:52  Probe  
  81  5:57  Protoss Ground Weapons Level 1 (Chrono Boost)  
  81  5:58  Gateway  
  81  6:10  Probe  
  82  6:16  Stalker x2, Probe  
  82  6:17  Probe  
  80  6:22  Probe  
  80  6:24  Gateway  
  81  6:27  Gateway  
  81  6:28  Robotics Bay, Probe  
  81  6:31  Robotics Facility  
  81  6:32  Observer (Chrono Boost), Probe  
  84  6:34  Assimilator  
  84  6:35  Probe  
  84  6:36  Assimilator  
  85  6:40  Probe  
  85  6:41  Shield Battery  
  85  6:44  Probe  
  87  6:52  Stalker x2  
  87  6:53  Pylon  
  91  6:54  Pylon  
  91  6:56  Probe  
  91  6:57  Pylon  
  91  6:59  Probe x2  
  94  7:03  Pylon  
  94  7:06  Photon Cannon  
  94  7:07  Stalker  
  96  7:10  Probe  
  96  7:12  Disruptor (Chrono Boost)  
  98  7:17  Shield Battery  
  96  7:27  Stalker x3  
  96  7:29  Disruptor (Chrono Boost)  
  105  7:30  Probe  
  105  7:32  Stalker, Pylon  
  108  7:38  Stalker  
  108  7:42  Photon Cannon  
  110  7:51  Probe  
  114  7:52  Photon Cannon  
  114  7:53  Disruptor (Chrono Boost)  
  113  8:08  Stalker x5  
  121  8:15  Pylon  
  124  8:21  Probe  
  124  8:25  Pylon  
  125  8:33  Nexus  
  123  8:37  Stalker x2  
Tags
 
Add a new tag
Caveats
  • Supply blocks, unpowered buildings, or Contaminate may cause inaccurate times.
  • Supply counts are checked every 10 seconds.